 Dungeon Crawl Stone Soup version 0.13.1-20-gf50ca03 (webtiles) character file.

157 Nicoed the Chopper (level 4, -2/40 HPs)
             Began as a Minotaur Berserker on Dec 30, 2013.
             Was a Believer of Trog.
             Slain by an orc wizard
             ... wielding a +0,+1 orcish war axe
              (5 damage)
             ... on Level 3 of the Dungeon.
             The game lasted 00:03:20 (1446 turns).

Nicoed the Chopper (Minotaur Berserker)             Turns: 1446, Time: 00:03:20

HP  -2/40        AC  2     Str 23      XL: 4   Next: 41%
MP   1/1         EV 12     Int  9      God: Trog [**....]
Gold 61          SH  0     Dex  9      Spells:  0 memorised,  3 levels left

Res.Fire  : . . .   See Invis. : .   l - +0,+1 dwarf hand axe
Res.Cold  : . . .   Warding    : .   b - +0 animal skin
Life Prot.: . . .   Conserve   : .   (no shield)
Res.Poison: .       Res.Corr.  : .   (helmet restricted)
Res.Elec. : .       Clarity    : .   (no cloak)
Sust.Abil.: . .     Spirit.Shd : .   (no gloves)
Res.Mut.  : .       Stasis     : .   (no boots)
Res.Rott. : .       Flight     : .   (no amulet)
Saprovore : . . .                    (no ring)
                                     (no ring)

@: brilliant, slightly resistant to hostile enchantments, very unstealthy
A: retaliatory headbutt, horns 2
a: Burn Spellbooks, Berserk, Trog's Hand, Renounce Religion


You were on level 3 of the Dungeon.
You worshipped Trog.
Trog was pleased with you.
You were near starving.

You visited 1 branch of the dungeon, and saw 3 of its levels.

You collected 41 gold pieces.

Inventory:

Hand weapons
 l - a +0,+1 dwarven hand axe (weapon)
Armour
 b - a +0 animal skin (worn)
Comestibles
 c - 2 bread rations
Scrolls
 d - a scroll of amnesia {unknown}
 g - 2 scrolls of noise {unknown}
 h - a scroll of curse jewellery {unknown}
 i - a scroll of remove curse {unknown}
 j - 4 scrolls of magic mapping {unknown}
 n - a scroll of enchant weapon I {unknown}
Potions
 e - 2 potions of heal wounds
 f - a potion of resistance {unknown}
 k - a potion of might
 o - a potion of curing {unknown}


   Skills:
 + Level 4.8 Fighting
 + Level 4.8 Axes
 + Level 2.5 Armour
 + Level 3.0 Dodging


You had 3 spell levels left.
You didn't know any spells.

Dungeon Overview and Level Annotations

Branches:
Dungeon (3/27)

Altars:


Innate Abilities, Weirdness & Mutations

You reflexively headbutt those who attack you in melee.
You have a pair of horns on your head.


Message History

The orc wizard is moderately wounded.
The orc priest calls upon Beogh to heal the orc wizard.
The orc wizard's wounds heal themselves!
The orc wizard picks up an uncursed orcish dagger.
You hit the orc wizard.
The orc wizard is lightly wounded.
The orc priest calls down the wrath of Beogh upon you.
Something smites you! The orc wizard barely misses you.
You furiously retaliate!
You headbutt the orc wizard, but do no damage.
You hit the orc wizard but do no damage.
The orc wizard is lightly wounded.
The orc priest mumbles some strange prayers to Beogh against you.
Something smites you!
* * * LOW HITPOINT WARNING * * *
The orc wizard closely misses you.
You hit the orc wizard. Your headbutt misses the orc wizard.
The orc wizard is heavily wounded.
The orc wizard hits you with an orcish war axe.
You die...

#.....#.......)#############.
#..............# #.
#......####.#### #. #......#
#.# #. #..#.#.# #.# #.
#....#.####.### ###
#.#........... ..
#......####.#####.... #####
##...#......@o$o..... .....
###.#...##.######### ###..##
#.#)..##... ......
#.#...###### #.#....# #.#...#
.#.#+#... #.#...# ........#
#.#...# #......... .#...#
#........# #...# #........#


You could see an orc priest and an orc wizard.

Vanquished Creatures
  Ijyb (D:2)
  Jessica (D:2)
  An adder (D:2)
  A giant mite (D:1)
  An ooze (D:2)
  3 orcs (D:3)
  3 bats
  4 giant cockroaches
  2 hobgoblins
  10 jackals
  5 kobolds
  A quokka (D:2)
  A ball python (D:2)
  A giant newt (D:1)
  2 goblins (D:2)
  2 rats
39 creatures vanquished.

Notes
Turn   | Place    | Note
--------------------------------------------------------------
     0 | D:1      | Nicoed, the Minotaur Berserker, began the quest for the Orb.
     0 | D:1      | Reached XP level 1. HP: 19/19 MP: 0/0
    24 | D:1      | Reached skill level 4 in Axes
    25 | D:1      | Reached XP level 2. HP: 17/26 MP: 0/0
   593 | D:2      | Reached XP level 3. HP: 24/33 MP: 1/1
   639 | D:2      | Noticed Ijyb
   647 | D:2      | Killed Ijyb
   647 | D:2      | Acquired Trog's second power
   746 | D:2      | Noticed Jessica
   753 | D:2      | Killed Jessica
   753 | D:2      | Reached XP level 4. HP: 35/40 MP: 1/1
  1446 | D:3      | Slain by an orc wizard

Action                   |  1- 3 |  4- 6 || total
-------------------------+-------+-------++-------
Melee: Hand axe          |    50 |    41 ||    91
  Use: Potion            |       |     2 ||     2
